Map: Vallée des cactus EC

Players

AgCl

  • Race: Protoss Protoss
  • League: Grandmaster

NotAGameSon - Winner!

  • Race: Zerg Zerg
  • League: Grandmaster

VOD

Have the link to the VOD?

Description

Time

  • Played on: May 29, 2015, 7:03 p.m.
  • Length: 9:54
Show
View Real Time Build Order
Export as new Build Order

AgCl Protoss 

Build Orders: Nexus First 

Get SALT Encoding   

  12  0:04  Probe  
  13  0:19  Probe  
  14  0:35  Pylon  
  14  0:59  Probe (Chrono Boost)  
  14  1:03  Nexus  
  15  1:10  Probe (Chrono Boost)  
  16  1:16  Probe  
  17  1:28  Probe  
  18  1:33  Pylon  
  18  1:34  Assimilator  
  18  1:40  Probe  
  19  1:52  Probe  
  20  2:05  Probe (Chrono Boost)  
  20  2:07  Pylon  
  21  2:11  Gateway  
  21  2:14  Probe (Chrono Boost)  
  22  2:17  Probe (Chrono Boost)  
  24  2:25  Probe (Chrono Boost)  
  24  2:26  Probe (Chrono Boost)  
  25  2:31  Probe (Chrono Boost)  
  27  2:37  Assimilator  
  27  2:40  Probe (Chrono Boost)  
  27  2:42  Probe (Chrono Boost)  
  28  2:46  Probe (Chrono Boost)  
  28  2:48  Probe  
  31  2:59  Nexus  
  31  3:00  Probe (Chrono Boost)  
  31  3:01  Probe (Chrono Boost)  
  32  3:07  Cybernetics Core  
  34  3:13  Probe (Chrono Boost)  
  34  3:15  Probe (Chrono Boost)  
  34  3:19  Probe (Chrono Boost)  
  35  3:22  Probe  
  36  3:28  Pylon  
  36  3:31  Probe  
  37  3:35  Probe (Chrono Boost)  
  37  3:39  Gateway  
  37  3:45  Mothership Core (Chrono Boost)  
  40  3:48  Probe (Chrono Boost)  
  40  3:49  Stargate  
  40  3:55  Assimilator  
  40  3:58  Probe (Chrono Boost)  
  40  4:02  Probe (Chrono Boost), Warp Gate (Chrono Boost)  
  42  4:04  Probe (Chrono Boost), Adept  
  45  4:12  Probe (Chrono Boost)  
  45  4:14  Assimilator  
  45  4:15  Probe (Chrono Boost)  
  48  4:19  Probe (Chrono Boost)  
  48  4:22  Probe (Chrono Boost)  
  50  4:26  Probe (Chrono Boost)  
  50  4:27  Probe (Chrono Boost)  
  52  4:33  Probe (Chrono Boost)  
  52  4:34  Probe (Chrono Boost)  
  52  4:35  Probe (Chrono Boost), Pylon  
  52  4:37  Assimilator  
  54  4:41  Probe, Oracle (Chrono Boost)  
  54  4:43  Probe  
  59  4:46  Fleet Beacon  
  59  4:47  Probe  
  60  4:54  Pylon  
  60  4:56  Probe  
  61  5:00  Gateway  
  61  5:02  Probe (Chrono Boost), Gateway  
  61  5:05  Probe (Chrono Boost), Forge  
  63  5:09  Carrier (Chrono Boost)  
  63  5:11  Assimilator  
  63  5:13  Probe (Chrono Boost)  
  65  5:17  Probe (Chrono Boost)  
  65  5:19  Probe (Chrono Boost)  
  65  5:20  Pylon  
  67  5:23  Probe (Chrono Boost)  
  67  5:24  Probe (Chrono Boost)  
  67  5:25  Probe (Chrono Boost)  
  67  5:26  Pylon  
  69  5:33  Probe  
  69  5:34  Graviton Catapult, Probe (Chrono Boost)  
  77  5:39  Probe (Chrono Boost)  
  77  5:41  Photon Cannon  
  78  5:44  Pylon  
  78  5:47  Probe (Chrono Boost)  
  81  5:50  Probe (Chrono Boost)  
  81  5:54  Probe (Chrono Boost)  
  81  5:55  Probe (Chrono Boost)  
  81  5:56  Protoss Air Weapons Level 1 (Chrono Boost)  
  82  5:58  Probe (Chrono Boost)  
  82  6:01  Probe  
  84  6:06  Carrier (Chrono Boost)  
  84  6:08  Probe  
  82  6:21  Stargate  
  82  6:23  Protoss Ground Weapons Level 1 (Chrono Boost), Pylon  
  82  6:25  Robotics Facility  
  88  6:34  Photon Cannon  
  88  6:40  Pylon  
  88  6:47  Twilight Council  
  88  6:51  Pylon  
  88  6:52  Nexus  
  88  6:55  Carrier (Chrono Boost)  
  88  7:03  Carrier (Chrono Boost)  
  88  7:07  Stargate  
  88  7:09  Pylon  
  88  7:11  Gateway  
  88  7:13  Gateway  
  88  7:15  Gateway, Observer  
  101  7:16  Pylon  
  101  7:30  Gateway  
  101  7:31  Pylon, Photon Cannon  
  101  7:32  Gateway  
  101  7:36  Gateway, Observer, Pylon  
  102  7:38  Gateway, Pylon  
  102  7:44  Templar Archives  
  102  8:07  Adept x3  
  102  8:08  Adept  
  110  8:18  Shield Upgrade  
  109  8:27  Carrier (Chrono Boost)  
  109  8:28  Adept  
  109  8:30  Pylon  
  109  8:31  Carrier x2 (Chrono Boost)  
  103  8:46  Pylon  
  97  8:50  Observer  
  115  9:09  Gateway, Pylon  
  115  9:11  Observer  
  110  9:27  High Templar x2  
  110  9:28  Zealot x3  
  110  9:30  High Templar x4  
  127  9:36  Archon x2  
  127  9:37  Archon  
  118  9:39  Assimilator  
  118  9:41  Photon Cannon  
  118  9:43  Assimilator  
Show
View Real Time Build Order
Export as new Build Order

NotAGameSon Zerg - Winner!

Build Orders: Hatch First 

Get SALT Encoding   

  12  0:01  Drone  
  13  0:12  Overlord  
  13  0:18  Drone  
  14  0:25  Extractor  
  14  0:26  Drone  
  15  0:33  Drone  
  15  0:35  Drone  
  17  0:45  Drone  
  18  0:58  Hatchery  
  18  1:00  Drone  
  18  1:06  Extractor  
  18  1:07  Drone  
  18  1:17  Drone  
  19  1:22  Spawning Pool  
  18  1:30  Drone  
  19  1:42  Drone  
  20  1:51  Drone  
  21  2:03  Overlord  
  21  2:10  Queen x2  
  21  2:11  Metabolic Boost  
  21  2:13  Drone x2  
  27  2:21  Drone  
  28  2:24  Zergling x2  
  29  2:31  Drone  
  29  2:33  Drone  
  31  2:46  Drone x2  
  31  2:49  Queen  
  35  2:53  Overlord  
  35  2:56  Drone  
  36  3:16  Hatchery, Drone x4  
  39  3:23  Drone x5  
  44  3:44  Overlord  
  44  3:45  Overlord  
  44  3:52  Extractor x2  
  44  3:53  Extractor  
  44  3:54  Drone x3  
  44  4:03  Drone x5  
  49  4:11  Drone x5  
  54  4:18  Drone  
  54  4:23  Drone  
  56  4:26  Overlord  
  56  4:28  Lair  
  56  4:32  Evolution Chamber  
  56  4:34  Evolution Chamber, Drone x3  
  56  4:35  Drone  
  56  4:36  Roach Warren  
  57  4:48  Drone x2  
  57  4:52  Drone x3  
  62  5:00  Extractor  
  62  5:03  Extractor  
  62  5:05  Zerg Missile Weapons Level 1, Zerg Ground Armor Level 1  
  60  5:19  Spore Crawler  
  60  5:20  Spore Crawler  
  58  5:21  Spore Crawler  
  58  5:22  Drone x15  
  58  5:23  Spore Crawler  
  58  5:25  Spore Crawler  
  58  5:26  Spore Crawler  
  69  5:29  Glial Reconstitution  
  69  5:30  Hydralisk Den  
  69  5:35  Drone x4  
  74  6:20  Overlord x11  
  74  6:28  Drone x2  
  74  6:42  Roach  
  74  6:43  Roach x11  
  74  6:44  Hatchery  
  97  6:53  Muscular Augments  
  97  6:56  Infestation Pit  
  96  7:04  Zerg Ground Armor Level 2, Zerg Missile Weapons Level 2  
  96  7:13  Drone x3  
  99  7:18  Hydralisk  
  99  7:19  Hydralisk x9  
  119  7:29  Hydralisk x3  
  125  7:35  Pneumatized Carapace, Overseer  
  125  7:40  Hydralisk x2  
  129  7:57  Drone x5  
  129  7:58  Drone x3  
  137  8:03  Hive  
  137  8:04  Pathogen Glands, Extractor  
  136  8:08  Extractor  
  135  8:17  Hydralisk x5  
  135  8:18  Hydralisk x3  
  148  8:46  Hatchery  
  148  8:48  Overlord x6  
  147  8:49  Overlord x2, Spore Crawler  
  146  9:08  Hatchery  
  145  9:10  Hydralisk x3  
  145  9:11  Hydralisk x5  
Tags
 
Add a new tag
Caveats
  • Supply blocks, unpowered buildings, or Contaminate may cause inaccurate times.
  • Supply counts are checked every 10 seconds.